 Dungeon Crawl Stone Soup version 0.21.1-1-g345015f (webtiles) character file.

15153 Nulkur the Thaumaturge (level 11, -8/68 HPs)
             Began as a Mummy Earth Elementalist on Apr 20, 2018.
             Was a Believer of Vehumet.
             Mangled by a catoblepas (13 damage)
             ... on level 2 of the Lair of Beasts.
             The game lasted 01:00:05 (18971 turns).

Nulkur the Thaumaturge (Mummy Earth Elementalist)  Turns: 18971, Time: 01:00:06

Health: -8/68      AC:  4    Str: 12    XL:     11   Next: 98%
Magic:  10/28      EV:  2    Int: 18    God:    Vehumet [**....]
Gold:   867        SH:  0    Dex: 12    Spells: 22/37 levels left

rFire    x . .     SeeInvis .   C - +7 morningstar "Apsiq" {flame, +Inv}
rCold    + . .     Gourm    .   (no shield)
rNeg     + + +     Faith    .   c - +0 robe
rPois    ∞         Spirit   .   (no helmet)
rElec    .         Reflect  .   D - +0 cloak
rCorr    .         Harm     .   a - +0 pair of gloves
MR       +....                  (no boots)
Stlth    ++........             (no amulet)
HPRegen  0.21/turn              x - +5 ring of evasion
MPRegen  0.21/turn              h - ring of wizardry

@: about to teleport, petrified
A: no food or potions, fire vulnerability, cold resistance 1, negative energy
resistance 3, torment resistance, unbreathing
a: Renounce Religion, Evoke Invisibility


You were on level 2 of the Lair of Beasts.
You worshipped Vehumet.
Vehumet was pleased with you.
You were not hungry.

You visited 3 branches of the dungeon, and saw 15 of its levels.
You also visited: Labyrinth.

You collected 867 gold pieces.

Inventory:

Hand Weapons
 k - a +0 vampiric dagger
 y - a +2 whip of flaming
 C - the +7 morningstar "Apsiq" (weapon) {flame, +Inv}
   (You found it on level 11 of the Dungeon)

   It has been specially enchanted to burn those struck by it, causing extra
   injury to most foes and up to half again as much damage against particularly
   susceptible opponents.
   It lets you turn invisible.
Missiles
 b - 76 stones (quivered)
 o - a throwing net
Armour
 a - a +0 pair of gloves (worn)
 c - a +0 robe (worn)
 D - a +0 cloak (worn)
Magical Staves
 u - an uncursed staff of summoning
Jewellery
 f - an uncursed ring of flight
 g - a +2 ring of protection
 h - a ring of wizardry (right hand)
 x - a +5 ring of evasion (left hand)
 F - an uncursed amulet of faith
 G - an uncursed amulet of guardian spirit
 H - an uncursed ring of fire
 I - a +3 ring of dexterity
Wands
 m - a wand of iceblast (16)
 n - a wand of acid (12)
 t - a wand of paralysis (27)
 v - a wand of disintegration (5)
 w - a wand of flame (51)
 z - a wand of random effects (36)
 E - a wand of polymorph (27)
Scrolls
 e - 4 scrolls of identify
 i - 5 scrolls of remove curse
 j - 5 scrolls of teleportation
 l - 2 scrolls of enchant armour
 q - 3 scrolls of fear
 r - 2 scrolls of blinking
 s - 2 scrolls of amnesia
 A - 3 scrolls of immolation
 B - a scroll of torment
Books
 d - a book of Geomancy

   Spells                             Type                      Level
   a - Sandblast                      Earth                        1
   b - Passwall                       Transmutation/Earth          2
   c - Stone Arrow                    Conjuration/Earth            3
   d - Petrify                        Transmutation/Earth          4
   e - Lee's Rapid Deconstruction     Earth                        5
 p - a book of Cantrips

   Spells                             Type                      Level
   a - Confusing Touch                Hexes                        1
   b - Animate Skeleton               Necromancy                   1
   c - Summon Small Mammal            Summoning                    1
   d - Apportation                    Translocation                1


   Skills:
 - Level 0.1 Maces & Flails
 - Level 1.6 Dodging
 - Level 1.5 Stealth
 + Level 13.9 Spellcasting
 - Level 0.3 Summonings
   Level 0.7 Transmutations
 + Level 12.9 Earth Magic


You had 22 spell levels left.
You knew the following spells:

 Your Spells              Type           Power        Failure   Level  Hunger
a - Sandblast             Erth           ######       1%          1    N/A
b - Stone Arrow           Conj/Erth      #####.       1%          3    N/A
c - Lee's Rapid Deconstr  Erth           ######....   1%          5    N/A
d - Summon Small Mammal   Summ           ##..         1%          1    N/A
e - Bolt of Magma         Conj/Fire/Erth ####......   10%         5    N/A

Dungeon Overview and Level Annotations

Branches:
Dungeon (11/15)            Temple (1/1) D:5            Lair (3/6) D:11
    Orc (0/2) D:11
  Swamp: Lair:2-4    Shoals: Lair:2-4     Snake: Lair:2-4    Spider: Lair:2-4

Altars:
Ashenzari
Cheibriados
Dithmenos
Elyvilon
Fedhas
Gozag
Hepliaklqana
Kikubaaqudgha
Makhleb
Nemelex Xobeh
Okawaru
Qazlal
Ru
Sif Muna
Trog
Uskayaw
Vehumet
Wu Jian
Xom
Yredelemnul
Zin
The Shining One
Beogh

Shops:
D:10 (%


Innate Abilities, Weirdness & Mutations

You do not eat or drink.
Your flesh is vulnerable to fire.
You are immune to poison.
Your flesh is cold resistant. (rC+)
You are immune to negative energy. (rN+++)
You are immune to unholy pain and torment.
You can survive without breathing.


Message History

You are slowing down.
The catoblepas gores you!!
* * * LOW HITPOINT WARNING * * *
The catoblepas gores you but does no damage.
Your limbs are stiffening.
As you read the scroll of teleportation, it crumbles to dust.
You feel strangely unstable.
The catoblepas breathes a plume of calcifying dust at you.
The blast of calcifying dust hits you!
* * * LOW HITPOINT WARNING * * *
You have turned to stone.
You are engulfed in calcifying dust.
The catoblepas breathes a plume of calcifying dust at you.
The blast of calcifying dust hits you!
* * * LOW HITPOINT WARNING * * *
A yak comes into view.
You are engulfed in calcifying dust.
The bullfrog croaks.
You hear a bellow!
You hear a loud, deep croak!
The catoblepas gores you!!
You die...

...........#...$........#..#.....
.....#......##..........#....P...
##...#P..###..#..................
#........#..#F...................
###.#....Y.#..........P....#...%?
##.#.#.#.Y...............#.......
..................≈≈≈≈≈......#..#
........(<.......≈≈≈≈≈≈≈....#..#.
.............>#Y@§§≈≈≈≈≈≈.#...##.
#.#......P#)..Y.≈≈≈≈≈≈≈≈≈≈...#.#.
#.##..#..........≈≈≈≈≈≈≈≈≈...#...
###....#%.##...†..≈%≈≈≈≈≈........
#........###.....≈.>[≈≈≈≈P..##.#
##..#.#..##.................##.#
#####..P.....................#
#.#........#......P..P......
#......#.............P.....#


You could see a catoblepas, 3 yaks and a bullfrog.

Vanquished Creatures
  A minotaur (Lab)
  A hydra (Lair:2)
  A two-headed ogre (D:10)
  Pikel (D:9)
  5 spiny frogs
  A komodo dragon (Lair:2)
  A kobold demonologist (D:11)
  A minotaur zombie (Lab)
  A troll (D:9)
  A hornet (D:7)
  A blink frog (Lair:1)
  3 hippogriffs
  A spriggan (D:10)
  A vampire (D:10)
  Eustachio (D:6)
  11 yaks
  A wyvern (D:10)
  A wraith (D:11)
  A soldier ant (D:10)
  4 water moccasins
  10 porcupines
  2 hell hounds (D:11)
  3 ice beasts
  A slave (D:9)
  3 sky beasts
  3 orc warriors
  5 phantoms
  2 necrophages
  4 ogres
  5 centaurs
  3 crocodiles (Lair:1)
  3 big kobolds
  11 bullfrogs
  A water moccasin skeleton (D:7)
  5 killer bees (D:9)
  3 scorpions
  A howler monkey (D:4)
  A crimson imp (D:10)
  A bullfrog zombie (D:9)
  2 centaur zombies
  6 hounds
  A quasit (D:10)
  3 orc priests
  A centaur skeleton (D:4)
  11 orc wizards
  2 bullfrog skeletons
  4 iguanas
  11 worker ants
  A killer bee zombie (D:3)
  2 hound zombies (D:5)
  A hound skeleton (D:5)
  2 howler monkey zombies
  A howler monkey skeleton (D:4)
  14 adders
  7 gnolls
  An adder zombie (D:6)
  4 adder skeletons
  2 worms
  3 dart slugs
  2 leopard geckos (D:3)
  47 orcs
  A ball python (D:3)
  4 giant cockroaches
  11 goblins
  8 hobgoblins
  16 jackals
  5 quokkas
  A ball python skeleton (D:4)
  6 bats
  5 frilled lizards
  A jackal skeleton (D:5)
  17 kobolds
  9 rats
  A spectral orc (D:3)
319 creatures vanquished.

Vanquished Creatures (others)
  2 slaves (D:9)
  An orc wizard (D:9)
  A worker ant (D:9)
  An orc (D:9)
  4 fungi (Lair:2)
9 creatures vanquished.

Grand Total: 328 creatures vanquished

Notes
Turn   | Place    | Note
-------+----------+-------------------------------------------
     0 | D:1      | Nulkur the Mummy Earth Elementalist began the quest for the Orb.
     0 | D:1      | Reached XP level 1. HP: 13/13 MP: 4/4
   258 | D:1      | Reached XP level 2. HP: 19/19 MP: 3/5
   891 | D:1      | Reached XP level 3. HP: 20/24 MP: 4/7
  1832 | D:2      | Learned a level 3 spell: Stone Arrow
  1840 | D:2      | Reached XP level 4. HP: 30/30 MP: 3/8
  2213 | D:2      | Found a snail-covered altar of Cheibriados.
  2215 | D:2      | Found a glowing golden altar of the Shining One.
  2219 | D:2      | Found a burning altar of Makhleb.
  2219 | D:2      | Found an ancient bone altar of Kikubaaqudgha.
  2219 | D:2      | Found a sparkling altar of Nemelex Xobeh.
  2220 | D:2      | Found a blossoming altar of Fedhas.
  3199 | D:3      | Found a shadowy altar of Dithmenos.
  3291 | D:3      | Reached XP level 5. HP: 35/35 MP: 7/9
  3496 | D:3      | Found a basalt altar of Yredelemnul.
  3970 | D:4      | Learned a level 5 spell: Lee's Rapid Deconstruction
  3997 | D:4      | Reached skill level 5 in Earth Magic
  4175 | D:4      | Noticed an ogre
  5047 | D:4      | Reached XP level 6. HP: 41/41 MP: 0/10
  5055 | D:4      | Learned a level 1 spell: Summon Small Mammal
  5863 | D:5      | Entered Level 5 of the Dungeon
  5881 | D:4      | Reached XP level 7. HP: 15/46 MP: 2/11
  6379 | D:5      | Found a staircase to the Ecumenical Temple.
  6386 | Temple   | Entered the Ecumenical Temple
  6432 | Temple   | Became a worshipper of Vehumet
  7145 | D:5      | Found a shattered altar of Ashenzari.
  7369 | D:5      | Reached XP level 8. HP: 20/52 MP: 8/12
  7993 | D:6      | Noticed Eustachio
  7996 | D:6      | Killed Eustachio
  8444 | D:6      | Reached * piety under Vehumet
  8444 | D:6      | Offered knowledge of Flame Tongue by Vehumet.
  8696 | D:7      | Reached skill level 3 in Spellcasting
  8880 | D:7      | Noticed a hornet
  8886 | D:7      | Killed a hornet
  8886 | D:7      | Reached skill level 4 in Spellcasting
  9109 | D:7      | Reached skill level 5 in Spellcasting
  9109 | D:7      | Reached XP level 9. HP: 57/57 MP: 13/16
  9500 | D:7      | Reached skill level 6 in Spellcasting
  9575 | D:7      | Reached skill level 10 in Earth Magic
 10164 | D:8      | Reached skill level 7 in Spellcasting
 10535 | D:8      | Reached ** piety under Vehumet
 10535 | D:8      | Offered knowledge of Freeze by Vehumet.
 10537 | D:8      | Reached skill level 8 in Spellcasting
 10766 | D:8      | Found a runed door.
 11115 | D:8      | Found a roughly hewn altar of Beogh.
 11221 | D:8      | Reached skill level 9 in Spellcasting
 11221 | D:8      | Reached XP level 10. HP: 40/63 MP: 16/23
 11484 | D:9      | Offered knowledge of Searing Ray by Vehumet.
 11866 | D:9      | Noticed Pikel
 12052 | D:9      | Killed Pikel
 12052 | D:9      | Reached skill level 10 in Spellcasting
 12218 | D:9      | Found an opulent altar of Gozag.
 12219 | D:9      | Found a hide-covered altar of Uskayaw.
 12219 | D:9      | Found a white marble altar of Elyvilon.
 12515 | D:9      | Reached *** piety under Vehumet
 12960 | D:10     | Entered Level 10 of the Dungeon
 12961 | D:10     | Noticed a two-headed ogre
 12964 | D:10     | Killed a two-headed ogre
 12964 | D:10     | Reached skill level 11 in Spellcasting
 14046 | D:10     | Found Guskel's Antique Weapon Boutique.
 14196 | D:10     | Reached XP level 11. HP: 56/68 MP: 22/26
 14277 | D:10     | Offered knowledge of Iskenderun's Mystic Blast by Vehumet.
 14505 | D:10     | Found Lups's Food Shoppe.
 14599 | D:11     | Found a staircase to the Lair.
 14645 | D:11     | Found a staircase to the Orcish Mines.
 14654 | D:11     | Got a smoking morningstar
 14658 | D:11     | Identified the +7 morningstar "Apsiq" {flame, +Inv} (You found it on level 11 of the Dungeon)
 15728 | Lair:1   | Entered Level 1 of the Lair of Beasts
 15731 | Lair:1   | Reached skill level 12 in Spellcasting
 16031 | Lair:1   | Reached **** piety under Vehumet
 16105 | Lair:1   | Found a shimmering altar of Xom.
 16342 | Lair:1   | Offered knowledge of Bolt of Magma by Vehumet.
 16349 | Lair:1   | Learned a level 5 spell: Bolt of Magma
 16813 | Lair:2   | Reached skill level 13 in Spellcasting
 16894 | Lair:2   | Noticed a catoblepas
 16904 | Lair:2   | Noticed an eight-headed hydra
 17068 | Lair:2   | Killed an eight-headed hydra
 17159 | Lair:2   | Found a labyrinth entrance.
 17168 | Lab      | Entered a labyrinth
 18264 | Lab      | Noticed a minotaur
 18272 | Lab      | Killed a minotaur
 18301 | Lab      | Got a pitted chain mail
 18307 | Lab      | Identified the +1 chain mail "Pooj" {rN+ Dex+4} (You found it in a labyrinth)
 18971 | Lair:2   | Mangled by a catoblepas

Skill      XL: |  1  2  3  4  5  6  7  8  9 10 11 |
---------------+----------------------------------+-----
Earth Magic    | 3 4 5 6 8 9 10 11 12 | 12.9
Spellcasting   | 5 9 11 13 | 13.9
Maces & Flails | |  0.1
Dodging        | |  1.6
Stealth        | |  1.5
Summonings     | |  0.3
Transmutations | |  0.7

Action                   |  1- 3 |  4- 6 |  7- 9 | 10-12 || total
-------------------------+-------+-------+-------+-------++-------
Melee: Club              |    23 |       |       |       ||    23
       Whip              |    77 |    13 |       |       ||    90
       Dagger            |       |    65 |    17 |       ||    82
       Staff             |       |       |     6 |     2 ||     8
       Morningstar       |       |       |       |    11 ||    11
 Cast: Sandblast         |    35 |    69 |   159 |   108 ||   371
       Stone Arrow       |       |    34 |    39 |    94 ||   167
       Lee's Rapid Decon |       |     1 |    18 |    55 ||    74
       Summon Small Mamm |       |     3 |     5 |       ||     8
       Bolt of Magma     |       |       |       |     2 ||     2
Evoke: Wand              |       |       |       |     2 ||     2
  Use: Scroll            |       |       |     9 |     6 ||    15
 Stab: Sleeping          |     3 |     1 |     1 |     1 ||     6
Armor: Robe              |    24 |    24 |     7 |    14 ||    69
       Skin              |       |       |       |     1 ||     1
Dodge: Dodged            |    82 |    65 |    68 |    68 ||   283
